 Dungeon Crawl Stone Soup version 0.17-a0-2127-g1cb09f6 (webtiles) character file.

1177 Fv001 the Skirmisher (level 8, -2/61 HPs)
             Began as a Demonspawn Chaos Knight on Oct 23, 2015.
             Slain by a centaur
             ... wielding a +0 rapier
              (6 damage)
             ... on level 6 of the Dungeon.
             The game lasted 00:30:26 (4960 turns).

Fv001 the Skirmisher (Demonspawn Chaos Knight)      Turns: 4960, Time: 00:30:26

Health: -2/61      AC: 15    Str: 17      XL:     8   Next: 18%
Magic:  9/9        EV:  6    Int: 12 (13) God:    Xom [...*..]
Gold:   265        SH:  0    Dex: 11      Spells: 0 memorised, 7 levels left

rFire  . . .     SeeInvis +     b - +0 hand axe (chaos)
rCold  + . .     Clarity  +     t - +0 plate armour
rNeg   . . .     SustAt   .     (no shield)
rPois  .         Gourm    .     v - +0 hat
rElec  .         Spirit   .     (no cloak)
rCorr  .         Warding  .     d - +0 pair of gloves
rMut   .         Stasis   .     (no boots)
MR     .....                    (no amulet)
Stlth  ..........               x - ring of protection from cold
                                s - ring of invisibility

@: not resistant to hostile enchantments, extremely unstealthy
A: hooves 2, yellow scales 2, see invisible, clarity, clumsy 1, deterioration 1,
foul stench 1, mutation resistance 1, strong 1, rot immunity
a: Renounce Religion, Evoke Invisibility


You were on level 6 of the Dungeon.
You worshipped Xom.
You were a favourite toy of Xom.
You were hungry.

You visited 2 branches of the dungeon, and saw 7 of its levels.

You collected 265 gold pieces.

Inventory:

Hand Weapons
 a - a +0 flail
 b - a +0 hand axe of chaos (weapon)
Armour
 d - a +0 pair of gloves (worn)
 m - a +2 leather armour
 t - a +0 plate armour (worn)
 v - a +0 hat (worn)
Jewellery
 s - a ring of invisibility (left hand)
 u - an uncursed ring of magical power
 x - a ring of protection from cold (right hand)
Wands
 p - a wand of enslavement (0)
Scrolls
 h - 4 scrolls of teleportation
 i - 2 scrolls of remove curse
 k - a scroll of amnesia
 l - a scroll of enchant weapon
 y - 2 scrolls of enchant armour {unknown}
Potions
 r - a potion of might
 w - a potion of cancellation
Books
 f - a book of Burglary

   Spells                             Type                      Level
   a - Swiftness                      Charms/Air                   2
   b - Passwall                       Transmutation/Earth          3
   c - Passage of Golubria            Translocation                4
   d - Lee's Rapid Deconstruction     Earth                        5
   e - Darkness                       Hexes                        6
   f - Invisibility                   Hexes                        6
Miscellaneous
 e - a crystal ball of energy
Comestibles
 c - 3 bread rations
 g - 5 chunks of flesh
 o - 2 meat rations
 q - a royal jelly


   Skills:
 + Level 4.7 Fighting
 - Level 2.9(4.2) Axes
 * Level 4.7(5.1) Maces & Flails
 + Level 4.0 Armour
 + Level 3.1 Dodging
 + Level 3.3 Stealth
 + Level 2.6 Evocations


You had 7 spell levels left.
You didn't know any spells.

Dungeon Overview and Level Annotations

Branches:
Dungeon (6/15)             Temple (1/1) D:5

Altars:
Elyvilon
Fedhas
Okawaru
Sif Muna
Xom
Yredelemnul

Shops:
D:4 =

Annotations:
D:4 krfreak's ghost, amateur VSEn
D:6 Edmund


Innate Abilities, Weirdness & Mutations

You have hoof-like feet.
You are mostly covered in yellow scales (AC +3).
You may emit foul miasma when damaged in melee.
You are immune to rotting.
You have supernaturally acute eyesight.
You possess an exceptional clarity of mind.
You are clumsy. (Dex -2)
Your body sometimes deteriorates upon taking damage.
You are somewhat resistant to further mutation.
Your muscles are strong. (Str +2)


Message History

* * * LOW HITPOINT WARNING * * *
The orc wizard casts a spell at you. The puff of flame hits you!
* * * LOW HITPOINT WARNING * * *
Drink which item? (? for menu, Esc to quit)
Okay, then.
Read which item? (? for menu, Esc to quit)
As you read the scroll of fear, it crumbles to dust.
You assume a fearsome visage.
The worker ant looks frightened!
The orc wizard looks frightened!
The orc looks frightened!
You kill the orc wizard!
Your Armour skill increases to level 4!
Unknown command.
The centaur hits you but does no damage.
You completely miss the centaur.
Your plate armour prevents you from hitting the orc.
The orc is severely wounded.
The orc seems less confused.
The centaur hits you with a rapier.
You die...
Xom giggles madly!

########### ########
#.........# #......#
#.........# #......# #.
..##.........###......# #.
......................###.
..######..##..............
#.... ##.######<.....###.
#.....##@###..>..........
#.....)co....##......###.
#.....##.######......#...
.###. #.# #......#.#. #
#.# #####.##### #.#
#...... #.# ........(...
#.# .#####...... #.#
#......


You could see a centaur and an orc (fleeing).

Vanquished Creatures
  A water moccasin (D:5)
  An orc warrior (D:6)
  A phantom (D:5)
  An ice beast (D:5)
  A giant frog (D:6)
  A scorpion (D:5)
  A centaur zombie (D:6)
  A crimson imp (D:5)
  2 iguanas
  5 orc wizards
  6 gnolls (D:5)
  7 adders
  2 river rats
  A shadow imp (D:5)
  An adder skeleton (D:6)
  A worm (D:2)
  6 giant geckos
  27 orcs
  A giant cockroach (D:3)
  5 goblins
  3 hobgoblins
  3 jackals (D:1)
  3 quokkas
  4 ball pythons
  6 bats
  A giant gecko skeleton (D:4)
  3 giant newts
  A jackal skeleton (D:3)
  8 kobolds
  A quokka zombie (D:5)
  5 rats
110 creatures vanquished.

Vanquished Creatures (collateral kills)
  An ice beast (D:6)
  An orc priest (D:5)
  A hound (D:6)
  2 orc wizards
  4 gnolls
9 creatures vanquished.

Vanquished Creatures (others)
  A worker ant (D:6)
  A gnoll (D:5)
  An orc wizard (D:5)
3 creatures vanquished.

Grand Total: 122 creatures vanquished

Notes
Turn   | Place    | Note
--------------------------------------------------------------
     0 | D:1      | Fv001 the Demonspawn Chaos Knight began the quest for the Orb.
     0 | D:1      | Reached XP level 1. HP: 18/18 MP: 1/1
    62 | D:1      | XOM: harmless Pois miscast
   221 | D:1      | XOM: butterfly on damage
   223 | D:1      | Gained mutation: You are partially covered in yellow scales (AC +2). [demonic ancestry]
   223 | D:1      | Reached XP level 2. HP: 14/24 MP: 2/2
   254 | D:1      | Reached skill level 1 in Dodging
   254 | D:1      | XOM: 1-stop teleportation journey
   285 | D:1      | You fall through a shaft!
   313 | D:2      | XOM: harmless Summ miscast
   358 | D:1      | XOM: noise
   543 | D:1      | XOM: give mutations
   543 | D:1      | Gained mutation: You possess an exceptional clarity of mind. [Xom's grace]
   543 | D:1      | Gained mutation: Your muscles are strong. (Str +2) [Xom's grace]
   543 | D:1      | Gained mutation: Your mind is acute. (Int +2) [Xom's grace]
   543 | D:1      | Gained mutation: You have supernaturally acute eyesight. [Xom's grace]
   718 | D:1      | XOM: vitrification
   792 | D:2      | Found a basalt altar of Yredelemnul.
   838 | D:2      | Reached XP level 3. HP: 14/29 MP: 3/3
   925 | D:2      | Reached skill level 1 in Stealth
  1017 | D:2      | XOM: 5-stop teleportation journey
  1154 | D:3      | Found a white marble altar of Elyvilon.
  1192 | D:3      | Reached skill level 1 in Maces & Flails
  1210 | D:3      | Reached XP level 4. HP: 20/35 MP: 4/4
  1288 | D:3      | XOM: mild Hex miscast
  1330 | D:3      | XOM: silly message
  1554 | D:3      | XOM: polymorph orc -> river rat
  1576 | D:3      | Gained mutation: You have large cloven feet. [demonic ancestry]
  1576 | D:3      | Reached XP level 5. HP: 17/41 MP: 5/5
  1596 | D:3      | XOM: harmless Trmt miscast
  1829 | D:3      | XOM: silly message
  2004 | D:4      | XOM: give mutation
  2004 | D:4      | Gained mutation: You have hoof-like feet. [Xom's mischief]
  2178 | D:4      | XOM: chaos upgrade
  2187 | D:4      | Paralysed by an orc for 6 turns
  2381 | D:4      | XOM: mild Erth miscast
  2390 | D:4      | Found a deep blue altar of Sif Muna.
  2416 | D:4      | Found Tufud's Jewellery Emporium.
  2440 | D:4      | XOM: 3-stop teleportation journey
  2550 | D:4      | XOM: medium Necr miscast
  2629 | D:4      | XOM: give mutations
  2629 | D:4      | Lost mutation: Your mind is acute. (Int +2) [Xom's mischief]
  2629 | D:4      | Gained mutation: You are clumsy. (Dex -2) [Xom's mischief]
  2629 | D:4      | Gained mutation: You are somewhat resistant to further mutation. [Xom's mischief]
  2629 | D:4      | Gained mutation: Your body sometimes deteriorates upon taking damage. [Xom's mischief]
  2874 | D:4      | Noticed krfreak's ghost (amateur VSEn)
  2886 | D:4      | XOM: blink monster(s)
  2889 | D:5      | Entered Level 5 of the Dungeon
  2889 | D:5      | Noticed a water moccasin
  2892 | D:5      | Found a deep blue altar of Sif Muna.
  2892 | D:5      | XOM: 6-stop teleportation journey
  2929 | D:5      | Reached skill level 1 in Evocations
  3144 | D:5      | XOM: scenery: create altars
  3163 | D:5      | XOM: silly message
  3170 | D:5      | Gained mutation: You are immune to rotting. [demonic ancestry]
  3170 | D:5      | Reached XP level 6. HP: 41/48 MP: 6/6
  3183 | D:5      | Identified a scroll of acquirement
  3197 | D:5      | XOM: cast spell 'Ring of Flames'
  3207 | D:5      | XOM: potion effect (haste)
  3217 | D:5      | XOM: summons 2 friendly demons
  3265 | D:5      | Reached skill level 4 in Fighting
  3298 | D:5      | Found a staircase to the Ecumenical Temple.
  3308 | Temple   | Entered the Ecumenical Temple
  3615 | D:5      | XOM: harmless Necr miscast
  3698 | D:5      | Noticed an ice beast
  3711 | D:5      | Killed an ice beast
  3711 | D:5      | Gained mutation: You may emit foul miasma when damaged in melee. [demonic ancestry]
  3711 | D:5      | Reached XP level 7. HP: 32/54 MP: 8/8
  3736 | D:5      | XOM: confuse monster(s)
  3753 | D:5      | Killed a water moccasin
  4019 | D:5      | Noticed a phantom
  4034 | D:5      | XOM: harmless Divn miscast
  4040 | D:5      | XOM: harmless Conj miscast
  4048 | D:5      | XOM: summons 1 hostile demon
  4051 | D:5      | Killed a phantom
  4220 | D:5      | Found an iron altar of Okawaru.
  4275 | D:6      | Found a blossoming altar of Fedhas.
  4350 | D:6      | XOM: 2-stop teleportation journey
  4385 | D:6      | Noticed Edmund
  4622 | D:6      | XOM: cast spell 'Confusing Touch'
  4627 | D:6      | XOM: cast spell 'Summon Small Mammal'
  4660 | D:5      | XOM: god gift: crystal ball of energy
  4795 | D:5      | XOM: god gift: bubbling black potion
  4859 | D:6      | XOM: cast spell 'Summon Hydra'
  4933 | D:6      | Gained mutation: You are mostly covered in yellow scales (AC +3). [demonic ancestry]
  4933 | D:6      | Reached XP level 8. HP: 58/61 MP: 9/9
  4956 | D:6      | HP: 3/61 [orc wizard/puff of flame (2)]
  4960 | D:6      | Slain by a centaur

Vault maps used:
D:1:      shiori_shiawase
D:2:      yredelemnul_altar_generic
D:3:      nicolae_overflow_crystal_walls
D:4:      overflow_temple_1_default, serial_shops, shop, uniq_grinder
D:5:      kennysheep_mini_moat, minmay_temple_entry_butterflies, basic_altar,
          first_bread
D:6:      fedhas_bush_and_centaur_altar, uniq_edmund
Temple:   jpeg_temple_alley_garden_8

Action                   |  1- 3 |  4- 6 |  7- 9 || total
-------------------------+-------+-------+-------++-------
Melee: Hand axe          |   131 |    73 |    61 ||   265
       Flail             |       |   180 |    87 ||   267
Evoke: Wand              |       |     2 |     2 ||     4
  Use: Potion            |       |     3 |     3 ||     6
       Scroll            |       |     7 |     2 ||     9
 Stab: Confused          |     1 |       |       ||     1
       Petrifying        |       |     1 |       ||     1
       Distracted        |       |       |     1 ||     1
  Eat: Chunk             |     1 |     8 |     3 ||    12
       Beef jerky        |       |       |     1 ||     1
